 Dungeon Crawl Stone Soup version 0.18-a0-1292-ge8ad84c (webtiles) character file.

2962 Duffy the Gusty (level 9, 0/62 HPs)
             Began as a High Elf Air Elementalist on Feb 9, 2016.
             Was a Follower of Vehumet.
             Succumbed to a killer bee's poison
             ... on level 7 of the Dungeon.
             The game lasted 00:15:37 (9557 turns).

Duffy the Gusty (High Elf Air Elementalist)         Turns: 9557, Time: 00:15:38

Health: 0/62       AC:  7    Str:  8    XL:     9   Next: 52%
Magic:  16/17      EV: 16    Int: 23    God:    Vehumet [*.....]
Gold:   328        SH:  0    Dex: 15    Spells: 4 memorised, 7 levels left

rFire  + . .     SeeInvis .     (no weapon)
rCold  + . .     Gourm    .     y - +2 robe {rC+ rF+}
rNeg   . . .     Faith    .     (no shield)
rPois  .         Spirit   .     (no helmet)
rElec  .         Dismiss  .     A - +0 cloak
rCorr  .         Reflect  .     (no gloves)
SustAt .         Harm     .     s - +0 pair of boots
MR     .....                    (no amulet)
Stlth  ++........               (no ring)
                                t - +1 ring of protection

@: lethally poisoned (0 -> -11), not resistant to hostile enchantments,
unstealthy
A: no striking features
a: Renounce Religion


You were on level 7 of the Dungeon.
You worshipped Vehumet.
Vehumet was aware of your devotion.
You were hungry.

You visited 2 branches of the dungeon, and saw 9 of its levels.

You collected 344 gold pieces.
You spent 16 gold pieces at shops.


   Skills:
 - Level 6.0 Fighting
 + Level 7.3 Dodging
 + Level 3.3 Stealth
 - Level 4.8 Spellcasting
 - Level 7.5 Conjurations
 - Level 7.7 Air Magic


You had 7 spell levels left.
You knew the following spells:

 Your Spells              Type           Power        Failure   Level  Hunger
a - Shock                 Conj/Air       ####         1%          1    None
l - Lightning Bolt        Conj/Air       #####.....   14%         5    #####..
m - Repel Missiles        Chrm/Air       ###...       2%          2    None
W - Swiftness             Chrm/Air       ###.....     2%          2    None

Inventory:

Hand Weapons
 a - a +2 quarterstaff of chaos
Missiles
 i - 44 poisoned needles
 C - a throwing net (quivered)
Armour
 s - a +0 pair of boots (worn)
 y - a +2 robe of resistance (worn)
 A - a +0 cloak (worn)
Jewellery
 t - a +1 ring of protection (left hand)
Wands
 n - a wand of lightning (5/15)
 x - a wand of flame (22/48)
 B - a wand of slowing (11/48)
 G - a wand of random effects (29/48)
Scrolls
 e - 4 scrolls of identify {unknown}
 g - a scroll of blinking {unknown}
 k - 5 scrolls of remove curse {unknown}
 l - 2 scrolls of immolation {unknown}
 q - a scroll of brand weapon {unknown}
 u - 3 scrolls of teleportation {unknown}
 D - 3 scrolls of amnesia {unknown}
 F - a scroll of noise {unknown}
 I - a scroll of random uselessness {unknown}
 J - a scroll of silence {unknown}
Potions
 c - a potion of might {unknown}
 d - a potion of berserk rage {unknown}
 f - a potion of flight {unknown}
 h - 7 potions of curing {unknown}
 j - a potion of invisibility {unknown}
 m - a potion of lignification {unknown}
 r - 3 potions of cure mutation {unknown}
 v - 2 potions of haste {unknown}
 w - a potion of cancellation {unknown}
 z - a potion of magic {unknown}
 E - 2 potions of brilliance {unknown}
Books
 b - a book of Air
Comestibles
 o - 2 bread rations
 p - a meat ration
 H - 4 chunks of flesh
 K - a beef jerky

Dungeon Overview and Level Annotations

Branches:
Dungeon (8/15)             Temple (1/1) D:7
   Lair: D:8-11

Altars:
Ashenzari
Cheibriados
Dithmenos
Elyvilon
Fedhas
Gozag
Kikubaaqudgha
Makhleb
Pakellas
Qazlal
Ru
Sif Muna
Trog
Vehumet
Xom
Yredelemnul
Zin
The Shining One

Shops:
D:5 [   D:7 =


Message History

You are feeling hungry.
The killer bee stings you!
There is a stone staircase leading up, spattered with blood here.
The killer bee stings you. x2
You are poisoned.
The killer bee poisons you! The killer bee stings you!
The killer bee stings you.
You climb upwards.
You feel sick.
The sky beast hits you but does no damage.
The sky beast misses you.
There is a stone staircase leading down here.
You feel sick. The killer bee stings you.
You are more poisoned.
The killer bee poisons you! The killer bee misses you.
The sky beast flickers out of sight!
Deactivating autopickup; reactivate with Ctrl-A.
Something hits you but does no damage. The killer bee barely misses you.
You feel sick. The killer bee barely misses you.
The killer bee stings you but does no damage.
Something hits you. Something shocks you.
You feel sick. The killer bee stings you.
You are more poisoned.
The killer bee poisons you!
You feel sick. The killer bee stings you!
You are more poisoned.
The killer bee poisons you!
Some of the chunks of flesh in your inventory have rotted away.
You feel sick.
The killer bee stings you but does no damage.
You feel sick. The killer bee closely misses you.
You feel sick. The killer bee misses you.
You feel sick.
A sky beast appears from thin air!
Reactivating autopickup.
There is a stone staircase leading up here.
You die...

#.# #.......### #.# #.......###
#.# #.......##. #.# #.......##.
#.# #..........
##.######.#...#.##.
#......##........#. #########
#..###.##........#[ ###.......#
#.@###>#.....)..[<[
....#####.#####.y.y............##
##..#####.##.....#.#...........##
##..##.......#....Y#..#........##
....#...#........^.0..##.....####
.#....................###..[## #
............#.....##### #...# #
........}...##....# #...# #
.##...............# #...# #


You could see a sky beast and 2 killer bees.

Action                   |  1- 3 |  4- 6 |  7- 9 || total
-------------------------+-------+-------+-------++-------
 Cast: Shock             |    69 |    73 |   273 ||   415
       Repel Missiles    |     1 |     2 |       ||     3
       Lightning Bolt    |       |       |     2 ||     2
  Eat: Chunk             |     1 |     4 |    14 ||    19
       Bread ration      |     1 |       |       ||     1
       Fruit             |       |       |     6 ||     6

Notes
Turn   | Place    | Note
--------------------------------------------------------------
     0 | D:1      | Duffy the High Elf Air Elementalist began the quest for the Orb.
     0 | D:1      | Reached XP level 1. HP: 11/11 MP: 4/4
   296 | D:1      | Reached skill level 2 in Conjurations
   359 | D:1      | Reached XP level 2. HP: 17/17 MP: 4/6
   369 | D:1      | Learned a level 2 spell: Repel Missiles
   372 | D:1      | Learned a level 2 spell: Swiftness
  1239 | D:2      | Reached skill level 3 in Conjurations
  1387 | D:2      | Reached XP level 3. HP: 21/21 MP: 5/7
  1648 | D:2      | Reached skill level 4 in Conjurations
  1933 | D:2      | Reached XP level 4. HP: 12/27 MP: 2/8
  2636 | D:3      | Noticed an ogre
  2642 | D:3      | Killed an ogre
  2642 | D:3      | Reached skill level 4 in Air Magic
  2642 | D:3      | Reached XP level 5. HP: 31/31 MP: 2/10
  2893 | D:3      | Found an ancient bone altar of Kikubaaqudgha.
  2898 | D:3      | Found an opulent altar of Gozag.
  2900 | D:3      | Found a basalt altar of Yredelemnul.
  2900 | D:3      | Found a bloodstained altar of Trog.
  3203 | D:4      | Noticed ololoev's ghost (weakling DsFi)
  3232 | D:4      | Noticed an ogre
  3232 | D:4      | Noticed an ogre
  3372 | D:4      | Killed an ogre
  3372 | D:4      | Reached skill level 3 in Spellcasting
  3372 | D:4      | Reached skill level 5 in Conjurations
  3372 | D:4      | Reached skill level 5 in Air Magic
  3372 | D:4      | Reached XP level 6. HP: 36/36 MP: 5/11
  3426 | D:4      | Learned a level 5 spell: Lightning Bolt
  3581 | D:4      | Killed ololoev's ghost
  3689 | D:4      | Reached skill level 6 in Conjurations
  3689 | D:4      | Reached skill level 6 in Air Magic
  3912 | D:4      | Reached XP level 7. HP: 41/41 MP: 11/13
  4093 | D:5      | Entered Level 5 of the Dungeon
  4429 | D:5      | Reached skill level 4 in Spellcasting
  4712 | D:5      | Found Jouwiuts's Antique Armour Boutique.
  4717 | D:5      | Bought a runed robe for 16 gold pieces
  4938 | D:5      | Noticed Crazy Yiuf
  4950 | D:5      | Killed Crazy Yiuf
  5044 | D:5      | Noticed Sigmund
  5049 | D:5      | Killed Sigmund
  5049 | D:5      | Reached skill level 7 in Conjurations
  5049 | D:5      | Reached skill level 7 in Air Magic
  5057 | D:5      | Reached XP level 8. HP: 42/46 MP: 7/15
  5371 | D:6      | Noticed Borgoz's ghost (novice HOFi)
  5578 | D:6      | Reached skill level 1 in Fighting
  5915 | D:6      | Reached skill level 3 in Dodging
  5998 | D:6      | Reached skill level 2 in Fighting
  6294 | D:6      | Reached skill level 4 in Dodging
  6335 | D:6      | Reached skill level 3 in Fighting
  6401 | D:6      | Killed Borgoz's ghost
  6401 | D:6      | Reached skill level 4 in Fighting
  6401 | D:6      | Reached skill level 5 in Dodging
  6401 | D:6      | Reached XP level 9. HP: 25/59 MP: 0/17
  6947 | D:6      | Found a blossoming altar of Fedhas.
  7237 | D:7      | Found a staircase to the Ecumenical Temple.
  7310 | Temple   | Entered the Ecumenical Temple
  7527 | Temple   | Became a worshipper of Vehumet
  7617 | D:6      | Reached skill level 5 in Fighting
  7617 | D:6      | Reached skill level 6 in Dodging
  7919 | D:7      | Found Qeriar's Jewellery Shop.
  8841 | D:7      | Reached skill level 6 in Fighting
  8876 | D:7      | Reached skill level 7 in Dodging
  8921 | D:7      | Reached skill level 3 in Stealth
  9136 | D:7      | Reached * piety under Vehumet
  9136 | D:7      | Offered knowledge of Flame Tongue by Vehumet.
  9557 | D:7      | Succumbed to a killer bee's poison

Vault maps used:
D:1:      minmay_arrival_solitary_statue
D:2:      minmay_vboxes
D:3:      minitemple
D:4:      first_bread, kennysheep_small_circle
D:5:      serial_shops, nicolae_shop_trees, uniq_sigmund,
          uniq_crazy_yiuf_cottage
D:6:      fedhas_altar_1
D:7:      temple_fountains, serial_shops, nicolae_shop_crystal
D:8:      lemuel_coloured_pillars_altar
Temple:   nicolae_temple_figure_eight

Vanquished Creatures
  The ghost of Borgoz the Skirmisher, a novice HOFi Sigmund
  A hungry ghost
  2 orc warriors
  2 phantoms
  An ice beast
  5 ogres
  A centaur
  A big kobold
  2 giant frogs
  A gnoll sergeant
  2 crimson imps
  A hound
  A jelly
  7 orc wizards Crazy Yiuf
  2 centaur skeletons
  5 orc priests
  An iguana
  6 worker ants
  The ghost of ololoev the Skirmisher, a weakling DsFi
  A worker ant zombie
  4 adders
  10 gnolls
  A shadow imp
  6 giant geckos
  21 orcs
  2 ball pythons
  9 bats
  4 giant cockroaches
  7 goblins
  5 hobgoblins
  7 jackals
  4 quokkas
  3 giant newts
  18 kobolds
  9 rats
156 creatures vanquished.
